PITTSBURGH Penguins vs DALLAS Stars

Created - 22 mars 2019 at 16:06

Goals
1 2 3 OT1 T
PITTSBURGH Penguins 1 1 1 0 3
DALLAS Stars 0 2 1 1 4
Shots
1 2 3 OT1 T
PITTSBURGH Penguins 14 9 8 0 31
DALLAS Stars 5 9 12 3 29

1st period

1. PITTSBURGH Penguins , Jake Guentzel 14 (Brooks Orpik 19, Evgeni Malkin 51) at 13:35

Penalties :
Jamie McGinn (DAL) for Hooking (Minor) at 1:56, Eric Gelinas (DAL) for Hooking (Minor) at 10:57, Ben Hutton (DAL) for Cross-checking (Minor) at 13:54

2nd period

2. PITTSBURGH Penguins , Dustin Brown 21 (Bryan Little 34) at 1:29
3. DALLAS Stars , MacKenzie Weegar 5 (Jamie McGinn 14, Chris Kunitz 17) at 13:42 (PP)
4. DALLAS Stars , Jamie McGinn 11 (Chris Kunitz 18, Mark Barberio 22) at 15:10

Penalties :
Jake Gardiner (PIT) for Interference (Minor) at 13:04, Marc Staal (PIT) for Holding (Minor) at 17:40

3rd period

5. PITTSBURGH Penguins , Patrik Laine 31 (Evgeni Malkin 52) at 10:20
6. DALLAS Stars , Mikkel Boedker 15 (Milan Lucic 17, Ben Hutton 23) at 19:58

Penalties :
Dustin Brown (PIT) for Roughing (Minor) at 7:20, Evgeni Malkin (PIT) for Roughing (Double Minor) at 12:38, Tanner Fritz (DAL) for Hooking (Minor) at 17:29

Overtime #1

7. DALLAS Stars , Mikkel Boedker 16 (Scott Hartnell 26, MacKenzie Weegar 14) at 1:21

Penalties :
No Penalty

Goalie Stats

Ondrej Pavelec (PIT), 25 saves from 29 shots - (0,862), OTL, 6-9-6, 61:22 minutes
Steve Mason (DAL), 28 saves from 31 shots - (0,903), W, 15-22-7, 61:12 minutes

Players Stats for PITTSBURGH Penguins

Player Name              G  A  P  +/- PIM S  H  SB GA TA FO     MP     PP MP  PK MP  
------------------------------------------------------------------------------------
Alexander Radulov        0  0  0   0  0   3  0  0  0  0  3/3    16:11   3:25   0:00 
Andrew Cogliano          0  0  0   0  0   2  0  0  0  0  5/11   15:49   0:00   4:40 
Brian Boyle              0  0  0   0  0   1  1  0  0  0  5/10   11:09   0:00   0:00 
Brooks Orpik             0  1  1  -1  0   2  3  2  0  0  0/0    26:14   0:30   4:22 
Bryan Little             0  1  1   0  0   2  0  0  0  0  13/20  17:17   4:31   0:00 
Drew Stafford            0  0  0   0  0   1  0  0  0  0  0/0     4:30   0:00   0:00 
Dustin Brown             1  0  1  -1  2   4  2  0  0  0  1/1    23:10   4:31   4:13 
Evgeni Malkin            0  2  2   0  4   3  1  0  0  0  16/30  23:11   3:25   1:25 
Jake Gardiner            0  0  0  -1  2   0  0  3  0  0  0/0    26:50   4:12   2:17 
Jake Guentzel            1  0  1   2  0   2  1  0  0  0  0/1    14:34   0:00   0:00 
Johan Larsson            0  0  0   0  0   0  1  0  0  0  4/7     8:28   0:00   3:28 
Jordan Nolan             0  0  0  -1  0   2  0  0  0  0  0/0    11:39   0:00   0:00 
Marc Staal               0  0  0   0  2   1  1  1  0  0  0/0    21:17   3:40   2:58 
Nate Schmidt             0  0  0   0  0   0  1  1  0  0  0/0     4:48   1:52   0:00 
Patrik Laine             1  0  1   1  0   5  0  0  0  0  0/2    19:21   3:25   0:00 
Robert Bortuzzo          0  0  0   1  0   1  0  1  0  0  0/0    21:49   2:24   3:25 
Tanner Pearson           0  0  0   0  0   2  0  0  0  0  1/1    12:25   4:31   3:24 
Thomas Chabot            0  0  0   1  0   0  0  0  0  0  0/0    18:07   3:14   4:08 

Players Stats for DALLAS Stars

Player Name              G  A  P  +/- PIM S  H  SB GA TA FO     MP     PP MP  PK MP  
------------------------------------------------------------------------------------
Ben Hutton               0  1  1  -1  2   0  2  1  0  0  0/0    21:12   0:06   1:25 
Chris Kunitz             0  2  2   0  0   1  1  2  0  0  3/5    21:36   4:16   4:01 
Chris Stewart            0  0  0  -1  0   2  0  0  0  0  0/0     7:28   0:06   0:00 
Connor Murphy            0  0  0  -2  0   3  2  1  0  0  0/0    27:23   4:03   3:42 
Dale Weise               0  0  0   0  0   0  1  0  0  0  2/3     7:34   0:06   0:00 
Dalton Prout             0  0  0   1  0   2  2  0  0  0  0/0    18:46   4:26   3:44 
Derek Ryan               0  0  0   0  0   1  1  0  0  0  13/32  25:14   4:13   4:55 
Eric Fehr                0  0  0   0  0   2  0  0  0  0  9/19   17:26   4:16   0:37 
Eric Gelinas             0  0  0   0  2   2  1  1  0  0  0/0    17:54   4:09   2:59 
Jamie McGinn             1  1  2   0  2   4  2  0  0  0  1/1    16:48   4:16   0:00 
Lee Stempniak            0  0  0   0  0   0  0  1  0  0  2/2     8:18   0:00   0:50 
MacKenzie Weegar         1  1  2   2  0   2  0  4  0  0  0/0    22:53   4:26   3:35 
Mark Barberio            0  1  1   0  0   0  1  2  0  0  0/0    14:34   0:00   0:27 
Mikkel Boedker           2  0  2   1  0   6  0  0  0  0  1/4    23:26   4:13   2:31 
Milan Lucic              0  1  1   0  0   2  0  0  0  0  1/2    16:52   0:00   0:00 
Scott Hartnell           0  1  1   0  0   1  3  0  0  0  2/3    15:15   4:19   2:58 
Tanner Fritz             0  0  0  -1  2   1  2  0  0  0  4/15    7:21   0:00   0:00 
Tyler Ennis              0  0  0   0  0   0  0  0  0  0  0/0     7:28   0:00   0:00 

3 Stars

1 - Mikkel Boedker (DAL)
2 - MacKenzie Weegar (DAL)
3 - Jake Guentzel (PIT)

Power Play

PITTSBURGH Penguins - 0 on 4 Attempt(s) - 0,00%
DALLAS Stars - 1 on 5 Attempt(s) - 20,00%

Penalty Kill

PITTSBURGH Penguins - 4 on 5 Attempt(s) - 80,00% - Score 0 goal in Penalty Kill
DALLAS Stars - 4 on 4 Attempt(s) - 100,00% - Score 0 goal in Penalty Kill

Team Stat

PITTSBURGH Penguins - Hits : 11 - Faceoff Wins : 48 - Blocked Shots : 8 - Penalty Minutes : 10
DALLAS Stars - Hits : 18 - Faceoff Wins : 38 - Blocked Shots : 12 - Penalty Minutes : 8

Official

Referees : Unknown
Linesman : Unknown

Game Notes

Nate Schmidt is injured at 12:42 of 1st period (Groin)

Finance

Level 1 -- Attendance: 3798 (58,43%) -- Ticket Income 455 760 $
Level 2 -- Attendance: 3307 (55,12%) -- Ticket Income 224 876 $
Level 3 -- Attendance: 2067 (51,68%) -- Ticket Income 70 278 $
Level 4 -- Attendance: 2468 (54,84%) -- Ticket Income 74 040 $
Luxury Box -- Attendance: 719 (71,90%) -- Ticket Income 158 180 $
Game was played at the American Airlines Center.
Total Attendance: 12359 (56,18%)
Total Ticket Income: 983 134 $
Other Income: 383 422 $
Total Income: 1 366 556 $

PITTSBURGH Penguins

5 vs 5 Forward 
   Center                   Left Wing                Right Wing               Time % Phy DF OF 
 1 Evgeni Malkin            Jake Guentzel            Patrik Laine             33     1   2  2  
 2 Bryan Little             Dustin Brown             Alexander Radulov        30     1   2  2  
 3 Brian Boyle              Jordan Nolan             Andrew Cogliano          24     1   2  2  
 4 Johan Larsson            Tanner Pearson           Drew Stafford            13     1   2  2  

5 vs 5 Defense 
   Defense                  Defense                                           Time % Phy DF OF 
 1 Brooks Orpik             Jake Gardiner                                     40     1   2  2  
 2 Marc Staal               Nate Schmidt                                      30     1   2  2  
 3 Robert Bortuzzo          Thomas Chabot                                     20     1   2  2  
 4 Brooks Orpik             Jake Gardiner                                     10     1   2  2  

PowerPlay Forward 
   Center                   Left Wing                Right Wing               Time % Phy DF OF 
 1 Evgeni Malkin            Patrik Laine             Alexander Radulov        60     1   2  2  
 2 Bryan Little             Tanner Pearson           Dustin Brown             40     1   2  2  

PowerPlay Defense
   Defense                  Defense                                           Time % Phy DF OF 
 1 Nate Schmidt             Jake Gardiner                                     60     1   2  2  
 2 Marc Staal               Thomas Chabot                                     40     1   2  2  

Penalty Kill 4 Players Forward 
   Center                   Wing                     Time % Phy DF OF 
 1 Andrew Cogliano          Dustin Brown             60     1   2  2  
 2 Evgeni Malkin            Tanner Pearson           40     1   2  2  

Penalty Kill 4 Players Defense
   Defense                  Defense                  Time % Phy DF OF 
 1 Brooks Orpik             Nate Schmidt             60     1   2  2  
 2 Marc Staal               Robert Bortuzzo          40     1   2  2  

Penalty Kill - 3 Players Forward 
   Forward                                           Time % Phy DF OF 
 1 Evgeni Malkin                                     60     1   2  2  
 2 Bryan Little                                      40     1   2  2  

Penalty Kill - 3 Players Defense
   Defense                  Defense                  Time % Phy DF OF 
 1 Brooks Orpik             Nate Schmidt             60     1   2  2  
 2 Marc Staal               Robert Bortuzzo          40     1   2  2  

4 vs 4 Forward 
   Center                   Wing                     Time % Phy DF OF 
 1 Evgeni Malkin            Patrik Laine             60     1   2  2  
 2 Andrew Cogliano          Alexander Radulov        40     1   2  2  

4 vs 4 Defense
   Defense                  Defense                  Time % Phy DF OF 
 1 Brooks Orpik             Jake Gardiner            60     1   2  2  
 2 Marc Staal               Nate Schmidt             40     1   2  2  

Last Minutes Offensive
   Center                   Left Wing                Right Wing               Defense                  Defense                  
   Evgeni Malkin            Patrik Laine             Dustin Brown             Brooks Orpik             Jake Gardiner            

Last Minutes Defensive
   Center                   Left Wing                Right Wing               Defense                  Defense                  
   Evgeni Malkin            Jordan Nolan             Dustin Brown             Brooks Orpik             Jake Gardiner            

Goaltenders
Starting : Ondrej Pavelec           
Backup : Devan Dubnyk             

Extra Forwards
Normal : Jake Guentzel, Tanner Pearson, Patrik Laine - PP : Jake Guentzel, Tanner Pearson - PK : Dustin Brown
Extra Defensemen
Normal : Robert Bortuzzo, Thomas Chabot, Marc Staal - PP : Robert Bortuzzo - PK : Thomas Chabot, Marc Staal
Penalty Shots
Evgeni Malkin, Patrik Laine, Dustin Brown, Alexander Radulov, Bryan Little

DALLAS Stars

5 vs 5 Forward 
   Center                   Left Wing                Right Wing               Time % Phy DF OF 
 1 Derek Ryan               Milan Lucic              Mikkel Boedker           40     1   2  2  
 2 Eric Fehr                Chris Kunitz             Jamie McGinn             30     1   2  2  
 3 Tanner Fritz             Scott Hartnell           Chris Stewart            20     1   2  2  
 4 Dale Weise               Tyler Ennis              Lee Stempniak            10     1   2  2  

5 vs 5 Defense 
   Defense                  Defense                                           Time % Phy DF OF 
 1 Connor Murphy            Ben Hutton                                        40     1   2  2  
 2 Mark Barberio            MacKenzie Weegar                                  30     1   2  2  
 3 Dalton Prout             Eric Gelinas                                      20     1   2  2  
 4 Connor Murphy            Ben Hutton                                        10     1   2  2  

PowerPlay Forward 
   Center                   Left Wing                Right Wing               Time % Phy DF OF 
 1 Derek Ryan               Scott Hartnell           Mikkel Boedker           60     1   2  2  
 2 Eric Fehr                Chris Kunitz             Jamie McGinn             40     1   2  2  

PowerPlay Defense
   Defense                  Defense                                           Time % Phy DF OF 
 1 Connor Murphy            Eric Gelinas                                      60     1   2  2  
 2 Dalton Prout             MacKenzie Weegar                                  40     1   2  2  

Penalty Kill 4 Players Forward 
   Center                   Wing                     Time % Phy DF OF 
 1 Derek Ryan               Chris Kunitz             60     1   2  2  
 2 Scott Hartnell           Mikkel Boedker           40     1   2  2  

Penalty Kill 4 Players Defense
   Defense                  Defense                  Time % Phy DF OF 
 1 Connor Murphy            Dalton Prout             60     1   2  2  
 2 Eric Gelinas             MacKenzie Weegar         40     1   2  2  

Penalty Kill - 3 Players Forward 
   Forward                                           Time % Phy DF OF 
 1 Mikkel Boedker                                    60     1   2  2  
 2 Chris Kunitz                                      40     1   2  2  

Penalty Kill - 3 Players Defense
   Defense                  Defense                  Time % Phy DF OF 
 1 Connor Murphy            Dalton Prout             60     1   2  2  
 2 Eric Gelinas             MacKenzie Weegar         40     1   2  2  

4 vs 4 Forward 
   Center                   Wing                     Time % Phy DF OF 
 1 Milan Lucic              Chris Kunitz             60     1   2  2  
 2 Scott Hartnell           Mikkel Boedker           40     1   2  2  

4 vs 4 Defense
   Defense                  Defense                  Time % Phy DF OF 
 1 Connor Murphy            Eric Gelinas             60     1   2  2  
 2 Dalton Prout             MacKenzie Weegar         40     1   2  2  

Last Minutes Offensive
   Center                   Left Wing                Right Wing               Defense                  Defense                  
   Derek Ryan               Milan Lucic              Mikkel Boedker           Connor Murphy            Ben Hutton               

Last Minutes Defensive
   Center                   Left Wing                Right Wing               Defense                  Defense                  
   Derek Ryan               Milan Lucic              Mikkel Boedker           Connor Murphy            Ben Hutton               

Goaltenders
Starting : Steve Mason              
Backup : Scott Darling            

Extra Forwards
Normal : Dale Weise, Chris Stewart, Lee Stempniak - PP : Dale Weise, Chris Stewart - PK : Lee Stempniak
Extra Defensemen
Normal : Dalton Prout, Eric Gelinas, Connor Murphy - PP : Dalton Prout - PK : Eric Gelinas, Connor Murphy
Penalty Shots
Lee Stempniak, Chris Kunitz, Scott Hartnell, Mikkel Boedker, Jamie McGinn


% Time on Ice - PITTSBURGH Penguins

Lines # - Real PCT - Wanted PCT - Time Play
Normal Forward
1 - 34% - 33% - 14:34
2 - 30% - 30% - 12:46
3 - 26% - 24% - 11:09
4 - 10% - 13% - 4:30
Normal Defense
1 - 36% - 40% - 15:18
2 - 41% - 30% - 17:25
3 - 23% - 20% - 10:01
4 - 1% - 10% - 0:15
PP Forward
1 - 43% - 60% - 3:25
2 - 57% - 40% - 4:31
PP Defense
1 - 59% - 60% - 4:42
2 - 41% - 40% - 3:14
PK Forward
1 - 69% - 60% - 5:53
2 - 31% - 40% - 2:42
PK Defense
1 - 66% - 60% - 5:38
2 - 34% - 40% - 2:57
PK3 Forward
1 - 0% - 60%
2 - 0% - 40%
PK3 Defense
1 - 0% - 60%
2 - 0% - 40%
44 Forward
1 - 100% - 60% - 1:22
2 - 0% - 40% - 0:00
44 Defense
1 - 100% - 60% - 1:22
2 - 0% - 40% - 0:00
Last Minute Offensive  - 0:00
Last Minute Defensive  - 0:30
Total
Forward - 61:22
Defense - 61:22

% Time on Ice - DALLAS Stars

Lines # - Real PCT - Wanted PCT - Time Play
Normal Forward
1 - 36% - 40% - 15:36
2 - 29% - 30% - 12:33
3 - 17% - 20% - 7:22
4 - 17% - 10% - 7:28
Normal Defense
1 - 41% - 40% - 17:35
2 - 32% - 30% - 13:47
3 - 23% - 20% - 10:00
4 - 4% - 10% - 1:37
PP Forward
1 - 50% - 60% - 4:19
2 - 50% - 40% - 4:16
PP Defense
1 - 48% - 60% - 4:09
2 - 52% - 40% - 4:26
PK Forward
1 - 68% - 60% - 5:25
2 - 32% - 40% - 2:31
PK Defense
1 - 45% - 60% - 3:32
2 - 55% - 40% - 4:24
PK3 Forward
1 - 0% - 60%
2 - 0% - 40%
PK3 Defense
1 - 0% - 60%
2 - 0% - 40%
44 Forward
1 - 56% - 60% - 0:46
2 - 44% - 40% - 0:36
44 Defense
1 - 56% - 60% - 0:46
2 - 44% - 40% - 0:36
Last Minute Offensive  - 0:30
Last Minute Defensive  - 0:00
Total
Forward - 61:22
Defense - 61:22

Play-by-Play

1st period


0:01 of 1st period - Mikkel Boedker wins face-off versus Evgeni Malkin in neutral zone.
0:27 of 1st period - Shot by Jake Guentzel.
0:27 of 1st period - Shot Misses the Net.
1:10 of 1st period - Shot by Alexander Radulov.
1:10 of 1st period - Stopped by Steve Mason with a rebound.
1:12 of 1st period - Shot by Nate Schmidt.
1:12 of 1st period - Shot Misses the Net.
1:14 of 1st period - Shot by Bryan Little.
1:14 of 1st period - Shot Blocked by Mark Barberio.
1:56 of 1st period - Minor Penalty to Jamie McGinn for Hooking.
1:57 of 1st period - Bryan Little wins face-off versus Derek Ryan in DALLAS Stars zone.
2:08 of 1st period - Shot by Tanner Pearson.
2:08 of 1st period - Stopped by Steve Mason without a rebound.
2:09 of 1st period - Scott Hartnell wins face-off versus Evgeni Malkin in DALLAS Stars zone.
2:34 of 1st period - Shot by Evgeni Malkin.
2:34 of 1st period - Shot Blocked by Connor Murphy.
2:43 of 1st period - Off-side.
2:44 of 1st period - Bryan Little wins face-off versus Derek Ryan in neutral zone.
2:49 of 1st period - Shot by Dustin Brown.
2:49 of 1st period - Deflect By Bryan Little.
2:49 of 1st period - Shot Misses the Net.
2:51 of 1st period - Shot by Bryan Little.
2:51 of 1st period - Stopped by Steve Mason without a rebound.
2:52 of 1st period - Chris Kunitz wins face-off versus Bryan Little in DALLAS Stars zone.
3:37 of 1st period - Shot by Patrik Laine.
3:37 of 1st period - Stopped by Steve Mason without a rebound.
3:38 of 1st period - Evgeni Malkin wins face-off versus Derek Ryan in DALLAS Stars zone.
4:21 of 1st period - Shot by Brian Boyle.
4:21 of 1st period - Shot Misses the Net.
4:34 of 1st period - Jake Gardiner is hit by Dale Weise and loses puck.
4:44 of 1st period - Icing by Connor Murphy.
4:45 of 1st period - Tanner Pearson wins face-off versus Dale Weise in DALLAS Stars zone.
5:37 of 1st period - Shot by Mikkel Boedker.
5:37 of 1st period - Stopped by Ondrej Pavelec without a rebound.
5:38 of 1st period - Tanner Fritz wins face-off versus Bryan Little in PITTSBURGH Penguins zone.
5:38 of 1st period - Chris Stewart is hit by Nate Schmidt and loses puck.
6:03 of 1st period - Shot by Bryan Little.
6:03 of 1st period - Shot Blocked by MacKenzie Weegar.
6:05 of 1st period - Shot by Dustin Brown.
6:05 of 1st period - Stopped by Steve Mason without a rebound.
6:06 of 1st period - Evgeni Malkin wins face-off versus Derek Ryan in DALLAS Stars zone.
6:06 of 1st period - Patrik Laine is hit by Dalton Prout and loses puck.
6:11 of 1st period - Shot by Patrik Laine.
6:11 of 1st period - Stopped by Steve Mason without a rebound.
6:12 of 1st period - Milan Lucic wins face-off versus Evgeni Malkin in DALLAS Stars zone.
6:18 of 1st period - Icing by Eric Gelinas.
6:19 of 1st period - Brian Boyle wins face-off versus Derek Ryan in DALLAS Stars zone.
7:32 of 1st period - Shot by Eric Fehr.
7:32 of 1st period - Stopped by Ondrej Pavelec without a rebound.
7:33 of 1st period - Evgeni Malkin wins face-off versus Tanner Fritz in PITTSBURGH Penguins zone.
7:35 of 1st period - Patrik Laine is hit by Scott Hartnell and loses puck.
7:45 of 1st period - Shot by Evgeni Malkin.
7:45 of 1st period - Deflect By Patrik Laine.
7:45 of 1st period - Shot Misses the Net.
8:13 of 1st period - Shot by Ben Hutton.
8:13 of 1st period - Shot Misses the Net.
8:53 of 1st period - Shot by Derek Ryan.
8:53 of 1st period - Stopped by Ondrej Pavelec with a rebound.
9:24 of 1st period - Bryan Little is hit by Derek Ryan and loses puck.
9:58 of 1st period - Shot by Jamie McGinn.
9:58 of 1st period - Stopped by Ondrej Pavelec without a rebound.
9:59 of 1st period - Brian Boyle wins face-off versus Tanner Fritz in PITTSBURGH Penguins zone.
10:51 of 1st period - Off-side.
10:52 of 1st period - Evgeni Malkin wins face-off versus Eric Fehr in neutral zone.
10:56 of 1st period - Evgeni Malkin is hit by Dalton Prout.
10:57 of 1st period - Minor Penalty to Eric Gelinas for Hooking.
10:58 of 1st period - Derek Ryan wins face-off versus Evgeni Malkin in DALLAS Stars zone.
11:09 of 1st period - Shot by Evgeni Malkin.
11:09 of 1st period - Stopped by Steve Mason without a rebound.
11:10 of 1st period - Bryan Little wins face-off versus Derek Ryan in DALLAS Stars zone.
11:43 of 1st period - Shot by Dustin Brown.
11:43 of 1st period - Shot Misses the Net.
12:19 of 1st period - Shot by Evgeni Malkin.
12:19 of 1st period - Shot Hit the Post.
12:26 of 1st period - Icing by Jake Gardiner.
12:27 of 1st period - Scott Hartnell wins face-off versus Evgeni Malkin in PITTSBURGH Penguins zone.
12:42 of 1st period - Shot by Mikkel Boedker.
12:42 of 1st period - Shot Blocked by Nate Schmidt.
12:42 of 1st period - Nate Schmidt from PITTSBURGH Penguins is injured at 12:42 of 1st period (Groin).
12:43 of 1st period - Derek Ryan wins face-off versus Bryan Little in PITTSBURGH Penguins zone.
12:51 of 1st period - Tanner Pearson is hit by Connor Murphy and loses puck.
13:00 of 1st period - Shot by Andrew Cogliano.
13:00 of 1st period - Stopped by Steve Mason with a rebound.
13:04 of 1st period - Shot by Brian Boyle.
13:04 of 1st period - Shot Hit the Post.
13:23 of 1st period - Shot by Brian Boyle.
13:23 of 1st period - Shot Blocked by Eric Gelinas.
13:31 of 1st period - Shot by Andrew Cogliano.
13:31 of 1st period - Stopped by Steve Mason without a rebound.
13:32 of 1st period - Evgeni Malkin wins face-off versus Tanner Fritz in DALLAS Stars zone.
13:35 of 1st period - Shot by Jake Guentzel.
13:35 of 1st period - Goal by Jake Guentzel - PITTSBURGH Penguins : 1 - DALLAS Stars : 0.
13:36 of 1st period - Jamie McGinn wins face-off versus Patrik Laine in neutral zone.
13:54 of 1st period - Minor Penalty to Ben Hutton for Cross-checking.
13:55 of 1st period - Derek Ryan wins face-off versus Bryan Little in DALLAS Stars zone.
14:18 of 1st period - Shot by Dustin Brown.
14:18 of 1st period - Shot Misses the Net.
14:20 of 1st period - Shot by Bryan Little.
14:20 of 1st period - Shot Blocked by MacKenzie Weegar.
14:22 of 1st period - Shot by Robert Bortuzzo.
14:22 of 1st period - Stopped by Steve Mason without a rebound.
14:23 of 1st period - Evgeni Malkin wins face-off versus Scott Hartnell in DALLAS Stars zone.
15:05 of 1st period - Shot by Evgeni Malkin.
15:05 of 1st period - Stopped by Steve Mason with a rebound.
16:11 of 1st period - Shot by Jordan Nolan.
16:11 of 1st period - Shot Misses the Net.
16:13 of 1st period - Shot by Brian Boyle.
16:13 of 1st period - Shot Blocked by Lee Stempniak.
16:19 of 1st period - Shot by Jordan Nolan.
16:19 of 1st period - Shot Misses the Net.
16:21 of 1st period - Shot by Brooks Orpik.
16:21 of 1st period - Shot Misses the Net.
16:23 of 1st period - Shot by Brooks Orpik.
16:23 of 1st period - Shot Misses the Net.
16:25 of 1st period - Shot by Brian Boyle.
16:25 of 1st period - Stopped by Steve Mason without a rebound.
16:26 of 1st period - Eric Fehr wins face-off versus Evgeni Malkin in DALLAS Stars zone.
16:55 of 1st period - Shot by Patrik Laine.
16:55 of 1st period - Shot Misses the Net.
18:04 of 1st period - Shot by Johan Larsson.
18:04 of 1st period - Shot Misses the Net.
18:09 of 1st period - Icing by Dalton Prout.
18:10 of 1st period - Brian Boyle wins face-off versus Derek Ryan in DALLAS Stars zone.
18:39 of 1st period - Brooks Orpik is hit by Tanner Fritz.
18:45 of 1st period - Shot by Chris Stewart.
18:45 of 1st period - The goal is going for a video replay.
18:45 of 1st period - The goal is refused.
18:46 of 1st period - Lee Stempniak wins face-off versus Evgeni Malkin in PITTSBURGH Penguins zone.
19:17 of 1st period - Shot by Dale Weise.
19:17 of 1st period - Shot Misses the Net.
19:40 of 1st period - Shot by Drew Stafford.
19:40 of 1st period - Stopped by Steve Mason without a rebound.
19:41 of 1st period - Alexander Radulov wins face-off versus Derek Ryan in DALLAS Stars zone.
19:50 of 1st period - Shot by Dustin Brown.
19:50 of 1st period - Shot Misses the Net.
Goals for this period are 1 for PITTSBURGH Penguins vs 0 for DALLAS Stars.
Shots for this period are 14 for PITTSBURGH Penguins vs 5 for DALLAS Stars.

2nd period


0:01 of 2nd period - Bryan Little wins face-off versus Derek Ryan in neutral zone.
0:08 of 2nd period - Shot by Bryan Little.
0:08 of 2nd period - Stopped by Steve Mason without a rebound.
0:09 of 2nd period - Alexander Radulov wins face-off versus Mikkel Boedker in DALLAS Stars zone.
0:10 of 2nd period - Shot by Dustin Brown.
0:10 of 2nd period - Shot Misses the Net.
0:23 of 2nd period - Shot by Brooks Orpik.
0:23 of 2nd period - Stopped by Steve Mason without a rebound.
0:24 of 2nd period - Evgeni Malkin wins face-off versus Eric Fehr in DALLAS Stars zone.
0:29 of 2nd period - Shot by Jake Guentzel.
0:29 of 2nd period - Stopped by Steve Mason without a rebound.
0:30 of 2nd period - Derek Ryan wins face-off versus Bryan Little in DALLAS Stars zone.
0:42 of 2nd period - Shot by Milan Lucic.
0:42 of 2nd period - Shot Misses the Net.
0:44 of 2nd period - Shot by Ben Hutton.
0:44 of 2nd period - Shot Blocked by Jake Gardiner.
0:56 of 2nd period - Shot by Mikkel Boedker.
0:56 of 2nd period - Stopped by Ondrej Pavelec without a rebound.
0:57 of 2nd period - Eric Fehr wins face-off versus Jake Guentzel in PITTSBURGH Penguins zone.
0:57 of 2nd period - Eric Fehr is hit by Marc Staal.
1:05 of 2nd period - Shot by Eric Fehr.
1:05 of 2nd period - Stopped by Ondrej Pavelec without a rebound.
1:06 of 2nd period - Evgeni Malkin wins face-off versus Tanner Fritz in PITTSBURGH Penguins zone.
1:06 of 2nd period - Evgeni Malkin is hit by Scott Hartnell.
1:13 of 2nd period - Marc Staal is hit by Eric Gelinas and loses puck.
1:25 of 2nd period - Off-side.
1:26 of 2nd period - Bryan Little wins face-off versus Mikkel Boedker in neutral zone.
1:29 of 2nd period - Shot by Dustin Brown.
1:29 of 2nd period - Goal by Dustin Brown - PITTSBURGH Penguins : 2 - DALLAS Stars : 0.
1:30 of 2nd period - Derek Ryan wins face-off versus Bryan Little in neutral zone.
1:47 of 2nd period - Derek Ryan is hit by Dustin Brown and loses puck.
2:02 of 2nd period - Shot by Bryan Little.
2:02 of 2nd period - Shot Misses the Net.
2:28 of 2nd period - Icing by Robert Bortuzzo.
2:29 of 2nd period - Evgeni Malkin wins face-off versus Eric Fehr in PITTSBURGH Penguins zone.
5:55 of 2nd period - Jake Guentzel is hit by Mark Barberio and loses puck.
6:00 of 2nd period - Shot by Evgeni Malkin.
6:00 of 2nd period - Shot Blocked by MacKenzie Weegar.
6:21 of 2nd period - Derek Ryan is hit by Johan Larsson and loses puck.
7:03 of 2nd period - Icing by Chris Kunitz.
7:04 of 2nd period - Eric Fehr wins face-off versus Brian Boyle in DALLAS Stars zone.
7:04 of 2nd period - Eric Fehr is hit by Brian Boyle.
7:16 of 2nd period - Shot by Eric Fehr.
7:16 of 2nd period - Shot Blocked by Marc Staal.
7:18 of 2nd period - Shot by Eric Gelinas.
7:18 of 2nd period - Stopped by Ondrej Pavelec without a rebound.
7:19 of 2nd period - Brian Boyle wins face-off versus Tanner Fritz in PITTSBURGH Penguins zone.
7:19 of 2nd period - Brian Boyle is hit by Scott Hartnell.
7:33 of 2nd period - Shot by Chris Stewart.
7:33 of 2nd period - Shot Blocked by Brooks Orpik.
7:37 of 2nd period - Shot by Tanner Fritz.
7:37 of 2nd period - Stopped by Ondrej Pavelec without a rebound.
7:38 of 2nd period - Alexander Radulov wins face-off versus Eric Fehr in PITTSBURGH Penguins zone.
7:44 of 2nd period - Icing by Robert Bortuzzo.
7:45 of 2nd period - Bryan Little wins face-off versus Eric Fehr in PITTSBURGH Penguins zone.
7:45 of 2nd period - Bryan Little is hit by Jamie McGinn.
8:22 of 2nd period - Shot by Dustin Brown.
8:22 of 2nd period - Stopped by Steve Mason without a rebound.
8:23 of 2nd period - Derek Ryan wins face-off versus Brian Boyle in DALLAS Stars zone.
8:33 of 2nd period - Mikkel Boedker is hit by Brooks Orpik and loses puck.
8:46 of 2nd period - Shot by Andrew Cogliano.
8:46 of 2nd period - Shot Misses the Net.
8:48 of 2nd period - Shot by Jake Gardiner.
8:48 of 2nd period - Shot Misses the Net.
9:03 of 2nd period - Derek Ryan is hit by Brooks Orpik and loses puck.
9:15 of 2nd period - Brian Boyle is hit by Tanner Fritz.
9:55 of 2nd period - Icing by Robert Bortuzzo.
9:56 of 2nd period - Eric Fehr wins face-off versus Evgeni Malkin in PITTSBURGH Penguins zone.
10:12 of 2nd period - Icing by Evgeni Malkin.
10:13 of 2nd period - Evgeni Malkin wins face-off versus Derek Ryan in PITTSBURGH Penguins zone.
10:15 of 2nd period - Icing by Patrik Laine.
10:16 of 2nd period - Derek Ryan wins face-off versus Patrik Laine in PITTSBURGH Penguins zone.
10:25 of 2nd period - Shot by Milan Lucic.
10:25 of 2nd period - Stopped by Ondrej Pavelec without a rebound.
10:26 of 2nd period - Bryan Little wins face-off versus Chris Kunitz in PITTSBURGH Penguins zone.
10:36 of 2nd period - Alexander Radulov is hit by Ben Hutton and loses puck.
11:43 of 2nd period - Shot by Patrik Laine.
11:43 of 2nd period - Shot Misses the Net.
11:53 of 2nd period - Shot by Patrik Laine.
11:53 of 2nd period - Stopped by Steve Mason without a rebound.
11:54 of 2nd period - Tanner Fritz wins face-off versus Johan Larsson in DALLAS Stars zone.
12:03 of 2nd period - Shot by Marc Staal.
12:03 of 2nd period - Stopped by Steve Mason without a rebound.
12:04 of 2nd period - Dale Weise wins face-off versus Brian Boyle in DALLAS Stars zone.
12:29 of 2nd period - Shot by Dale Weise.
12:29 of 2nd period - Shot Blocked by Robert Bortuzzo.
12:39 of 2nd period - Shot by Andrew Cogliano.
12:39 of 2nd period - Deflect By Jordan Nolan.
12:39 of 2nd period - Stopped by Steve Mason with a rebound.
12:41 of 2nd period - Shot by Robert Bortuzzo.
12:41 of 2nd period - Shot Misses the Net.
12:48 of 2nd period - Icing by Dalton Prout.
12:49 of 2nd period - Dale Weise wins face-off versus Evgeni Malkin in DALLAS Stars zone.
12:49 of 2nd period - Dale Weise is hit by Evgeni Malkin.
13:04 of 2nd period - Minor Penalty to Jake Gardiner for Interference.
13:05 of 2nd period - Andrew Cogliano wins face-off versus Derek Ryan in PITTSBURGH Penguins zone.
13:20 of 2nd period - Shot by Mikkel Boedker.
13:20 of 2nd period - Shot Misses the Net.
13:22 of 2nd period - Shot by Mikkel Boedker.
13:22 of 2nd period - Shot Misses the Net.
13:24 of 2nd period - Shot by Scott Hartnell.
13:24 of 2nd period - Stopped by Ondrej Pavelec with a rebound.
13:26 of 2nd period - Shot by Connor Murphy.
13:26 of 2nd period - Shot Misses the Net.
13:28 of 2nd period - Shot by Eric Gelinas.
13:28 of 2nd period - Stopped by Ondrej Pavelec without a rebound.
13:29 of 2nd period - Eric Fehr wins face-off versus Andrew Cogliano in PITTSBURGH Penguins zone.
13:40 of 2nd period - Shot by Jamie McGinn.
13:40 of 2nd period - Shot Misses the Net.
13:42 of 2nd period - Shot by MacKenzie Weegar.
13:42 of 2nd period - Goal by MacKenzie Weegar - PITTSBURGH Penguins : 2 - DALLAS Stars : 1.
13:43 of 2nd period - Derek Ryan wins face-off versus Evgeni Malkin in neutral zone.
14:06 of 2nd period - Shot by Jake Guentzel.
14:06 of 2nd period - Shot Misses the Net.
14:08 of 2nd period - Shot by Robert Bortuzzo.
14:08 of 2nd period - Shot Misses the Net.
14:27 of 2nd period - Icing by Connor Murphy.
14:28 of 2nd period - Bryan Little wins face-off versus Derek Ryan in DALLAS Stars zone.
14:58 of 2nd period - Shot by Bryan Little.
14:58 of 2nd period - Shot Misses the Net.
15:07 of 2nd period - Chris Kunitz is hit by Brooks Orpik and loses puck.
15:10 of 2nd period - Shot by Jamie McGinn.
15:10 of 2nd period - Goal by Jamie McGinn - PITTSBURGH Penguins : 2 - DALLAS Stars : 2.
15:11 of 2nd period - Johan Larsson wins face-off versus Tanner Fritz in neutral zone.
15:13 of 2nd period - Off-side.
15:14 of 2nd period - Evgeni Malkin wins face-off versus Tanner Fritz in neutral zone.
15:21 of 2nd period - Icing by Tanner Fritz.
15:22 of 2nd period - Evgeni Malkin wins face-off versus Tanner Fritz in DALLAS Stars zone.
15:31 of 2nd period - Shot by Patrik Laine.
15:31 of 2nd period - Stopped by Steve Mason without a rebound.
15:32 of 2nd period - Bryan Little wins face-off versus Derek Ryan in DALLAS Stars zone.
15:50 of 2nd period - Bryan Little is hit by Connor Murphy and loses puck.
16:14 of 2nd period - Shot by Bryan Little.
16:14 of 2nd period - Shot Misses the Net.
16:23 of 2nd period - Icing by Ben Hutton.
16:24 of 2nd period - Derek Ryan wins face-off versus Evgeni Malkin in DALLAS Stars zone.
16:24 of 2nd period - Milan Lucic is hit by Jake Guentzel and loses puck.
16:57 of 2nd period - Shot by Evgeni Malkin.
16:57 of 2nd period - Shot Blocked by Chris Kunitz.
16:59 of 2nd period - Shot by Patrik Laine.
16:59 of 2nd period - Shot Misses the Net.
17:01 of 2nd period - Shot by Thomas Chabot.
17:01 of 2nd period - Shot Blocked by Mark Barberio.
17:40 of 2nd period - Minor Penalty to Marc Staal for Holding.
17:41 of 2nd period - Andrew Cogliano wins face-off versus Derek Ryan in PITTSBURGH Penguins zone.
18:11 of 2nd period - Off-side.
18:12 of 2nd period - Chris Kunitz wins face-off versus Andrew Cogliano in neutral zone.
19:44 of 2nd period - Shot by Evgeni Malkin.
19:44 of 2nd period - Shot Misses the Net.
19:46 of 2nd period - Shot by Evgeni Malkin.
19:46 of 2nd period - Shot Misses the Net.
Goals for this period are 1 for PITTSBURGH Penguins vs 2 for DALLAS Stars.
Shots for this period are 9 for PITTSBURGH Penguins vs 9 for DALLAS Stars.

3rd period


0:01 of 3rd period - Bryan Little wins face-off versus Derek Ryan in neutral zone.
0:10 of 3rd period - Shot by Alexander Radulov.
0:10 of 3rd period - Shot Misses the Net.
0:24 of 3rd period - Shot by Mikkel Boedker.
0:24 of 3rd period - Shot Blocked by Brooks Orpik.
0:26 of 3rd period - Shot by Connor Murphy.
0:26 of 3rd period - Stopped by Ondrej Pavelec without a rebound.
0:27 of 3rd period - Eric Fehr wins face-off versus Evgeni Malkin in PITTSBURGH Penguins zone.
0:44 of 3rd period - Shot by Jake Guentzel.
0:44 of 3rd period - Deflect By Patrik Laine.
0:44 of 3rd period - Shot Blocked by MacKenzie Weegar.
0:52 of 3rd period - Patrik Laine is hit by Jamie McGinn and loses puck.
1:16 of 3rd period - Jake Guentzel is hit by Ben Hutton and loses puck.
1:40 of 3rd period - Icing by Robert Bortuzzo.
1:41 of 3rd period - Evgeni Malkin wins face-off versus Tanner Fritz in PITTSBURGH Penguins zone.
3:35 of 3rd period - Shot by Chris Kunitz.
3:35 of 3rd period - Shot Misses the Net.
3:37 of 3rd period - Shot by Chris Kunitz.
3:37 of 3rd period - Shot Misses the Net.
3:39 of 3rd period - Shot by Eric Fehr.
3:39 of 3rd period - Shot Blocked by Jake Gardiner.
4:25 of 3rd period - Icing by Jordan Nolan.
4:26 of 3rd period - Tanner Fritz wins face-off versus Andrew Cogliano in PITTSBURGH Penguins zone.
4:35 of 3rd period - Shot by Andrew Cogliano.
4:35 of 3rd period - Shot Misses the Net.
4:37 of 3rd period - Shot by Jordan Nolan.
4:37 of 3rd period - Stopped by Steve Mason without a rebound.
4:38 of 3rd period - Johan Larsson wins face-off versus Mikkel Boedker in DALLAS Stars zone.
4:55 of 3rd period - Shot by Tanner Pearson.
4:55 of 3rd period - Stopped by Steve Mason without a rebound.
4:56 of 3rd period - Eric Fehr wins face-off versus Brian Boyle in DALLAS Stars zone.
5:54 of 3rd period - Shot by Mikkel Boedker.
5:54 of 3rd period - Stopped by Ondrej Pavelec without a rebound.
5:55 of 3rd period - Johan Larsson wins face-off versus Tanner Fritz in PITTSBURGH Penguins zone.
7:00 of 3rd period - Shot by Brooks Orpik.
7:00 of 3rd period - Stopped by Steve Mason with a rebound.
7:20 of 3rd period - Minor Penalty to Dustin Brown for Roughing.
7:21 of 3rd period - Andrew Cogliano wins face-off versus Chris Kunitz in PITTSBURGH Penguins zone.
7:21 of 3rd period - Andrew Cogliano is hit by Chris Kunitz.
7:40 of 3rd period - Shot by MacKenzie Weegar.
7:40 of 3rd period - Stopped by Ondrej Pavelec without a rebound.
7:41 of 3rd period - Derek Ryan wins face-off versus Andrew Cogliano in PITTSBURGH Penguins zone.
7:53 of 3rd period - Shot by Connor Murphy.
7:53 of 3rd period - Stopped by Ondrej Pavelec without a rebound.
7:54 of 3rd period - Eric Fehr wins face-off versus Andrew Cogliano in PITTSBURGH Penguins zone.
8:40 of 3rd period - Icing by MacKenzie Weegar.
8:41 of 3rd period - Evgeni Malkin wins face-off versus Derek Ryan in DALLAS Stars zone.
9:23 of 3rd period - Icing by Marc Staal.
9:24 of 3rd period - Bryan Little wins face-off versus Eric Fehr in PITTSBURGH Penguins zone.
9:29 of 3rd period - Shot by Dustin Brown.
9:29 of 3rd period - Shot Blocked by Ben Hutton.
9:31 of 3rd period - Shot by Dustin Brown.
9:31 of 3rd period - Stopped by Steve Mason without a rebound.
9:32 of 3rd period - Bryan Little wins face-off versus Eric Fehr in DALLAS Stars zone.
9:37 of 3rd period - Shot by Dustin Brown.
9:37 of 3rd period - Shot Blocked by Chris Kunitz.
9:39 of 3rd period - Shot by Brooks Orpik.
9:39 of 3rd period - Shot Misses the Net.
9:41 of 3rd period - Shot by Dustin Brown.
9:41 of 3rd period - Shot Misses the Net.
10:18 of 3rd period - Icing by Ben Hutton.
10:19 of 3rd period - Evgeni Malkin wins face-off versus Eric Fehr in DALLAS Stars zone.
10:20 of 3rd period - Shot by Patrik Laine.
10:20 of 3rd period - Goal by Patrik Laine - PITTSBURGH Penguins : 3 - DALLAS Stars : 2.
10:21 of 3rd period - Derek Ryan wins face-off versus Evgeni Malkin in neutral zone.
10:34 of 3rd period - Shot by Milan Lucic.
10:34 of 3rd period - Stopped by Ondrej Pavelec without a rebound.
10:35 of 3rd period - Tanner Fritz wins face-off versus Brian Boyle in PITTSBURGH Penguins zone.
10:44 of 3rd period - Icing by Jordan Nolan.
10:45 of 3rd period - Brian Boyle wins face-off versus Derek Ryan in PITTSBURGH Penguins zone.
12:17 of 3rd period - Shot by Jamie McGinn.
12:17 of 3rd period - Stopped by Ondrej Pavelec with a rebound.
12:38 of 3rd period - Double Minor Penalty to Evgeni Malkin for Roughing.
12:39 of 3rd period - Derek Ryan wins face-off versus Johan Larsson in PITTSBURGH Penguins zone.
13:06 of 3rd period - Shot by Connor Murphy.
13:06 of 3rd period - Shot Misses the Net.
13:38 of 3rd period - Shot by Jamie McGinn.
13:38 of 3rd period - Stopped by Ondrej Pavelec without a rebound.
13:39 of 3rd period - Eric Fehr wins face-off versus Andrew Cogliano in PITTSBURGH Penguins zone.
14:20 of 3rd period - Shot by Chris Stewart.
14:20 of 3rd period - Stopped by Ondrej Pavelec without a rebound.
14:21 of 3rd period - Derek Ryan wins face-off versus Johan Larsson in PITTSBURGH Penguins zone.
14:28 of 3rd period - Shot by Scott Hartnell.
14:28 of 3rd period - Shot Misses the Net.
14:42 of 3rd period - Shot by Mikkel Boedker.
14:42 of 3rd period - Stopped by Ondrej Pavelec without a rebound.
14:43 of 3rd period - Dustin Brown wins face-off versus Eric Fehr in PITTSBURGH Penguins zone.
14:58 of 3rd period - Shot by Dalton Prout.
14:58 of 3rd period - Stopped by Ondrej Pavelec without a rebound.
14:59 of 3rd period - Andrew Cogliano wins face-off versus Derek Ryan in PITTSBURGH Penguins zone.
15:53 of 3rd period - Shot by Dalton Prout.
15:53 of 3rd period - Shot Misses the Net.
15:55 of 3rd period - Shot by Dalton Prout.
15:55 of 3rd period - Stopped by Ondrej Pavelec without a rebound.
15:56 of 3rd period - Andrew Cogliano wins face-off versus Eric Fehr in PITTSBURGH Penguins zone.
17:29 of 3rd period - Minor Penalty to Tanner Fritz for Hooking.
17:30 of 3rd period - Chris Kunitz wins face-off versus Bryan Little in DALLAS Stars zone.
17:30 of 3rd period - Derek Ryan is hit by Dustin Brown and loses puck.
18:39 of 3rd period - Shot by Alexander Radulov.
18:39 of 3rd period - Stopped by Steve Mason without a rebound.
18:40 of 3rd period - Lee Stempniak wins face-off versus Evgeni Malkin in DALLAS Stars zone.
19:01 of 3rd period - Shot by Evgeni Malkin.
19:01 of 3rd period - Shot Misses the Net.
19:03 of 3rd period - Shot by Alexander Radulov.
19:03 of 3rd period - Stopped by Steve Mason with a rebound.
19:09 of 3rd period - Shot by Evgeni Malkin.
19:09 of 3rd period - Stopped by Steve Mason without a rebound.
19:10 of 3rd period - Bryan Little wins face-off versus Derek Ryan in DALLAS Stars zone.
19:48 of 3rd period - DALLAS Stars, Steve Mason is pulled from the net.
19:58 of 3rd period - Shot by Mikkel Boedker.
19:58 of 3rd period - Goal by Mikkel Boedker - PITTSBURGH Penguins : 3 - DALLAS Stars : 3.
19:58 of 3rd period - Steve Mason from DALLAS Stars was sent back in the game.
19:59 of 3rd period - Johan Larsson wins face-off versus Tanner Fritz in neutral zone.
Goals for this period are 1 for PITTSBURGH Penguins vs 1 for DALLAS Stars.
Shots for this period are 8 for PITTSBURGH Penguins vs 12 for DALLAS Stars.

Overtime #1


0:01 of 1st overtime period - Evgeni Malkin wins face-off versus Milan Lucic in neutral zone.
0:21 of 1st overtime period - Shot by Chris Kunitz.
0:21 of 1st overtime period - Stopped by Ondrej Pavelec with a rebound.
0:23 of 1st overtime period - Shot by Connor Murphy.
0:23 of 1st overtime period - Stopped by Ondrej Pavelec with a rebound.
1:19 of 1st overtime period - Shot by Scott Hartnell.
1:19 of 1st overtime period - Shot Blocked by Jake Gardiner.
1:21 of 1st overtime period - Shot by Mikkel Boedker.
1:21 of 1st overtime period - Goal by Mikkel Boedker - PITTSBURGH Penguins : 3 - DALLAS Stars : 4.
Goals for this period are 0 for PITTSBURGH Penguins vs 1 for DALLAS Stars.
Shots for this period are 0 for PITTSBURGH Penguins vs 3 for DALLAS Stars.